 Dungeon Crawl Stone Soup version 0.30-a0-622-gddc90ea (webtiles) character file.

Game seed: 12542409445227725390

938 milkiemew the Cudgeller (level 7, 0/53 HPs)
             Began as a Demonspawn Gladiator on Jan 10, 2023.
             Was a Plaything of Xom.
             Slain by an ice beast (7 damage)
             ... on level 5 of the Dungeon.
             The game lasted 00:22:09 (4177 turns).

milkiemew the Cudgeller (Demonspawn Gladiator)      Turns: 4177, Time: 00:22:09

Health: 0/53       AC:  7    Str: 17    XL:     7   Next: 87%
Magic:  7/7        EV: 16    Int:  9    God:    Xom [*.....]
Gold:   337        SH:  0    Dex: 18    Spells: 6/6 levels left

rFire   + . .      SeeInvis .    n - +2 whip (elec)
rCold   x . .      Faith    .    (no shield)
rNeg    . . .      Spirit   .    g - +0 scale mail
rPois   .          Reflect  .    (helmet restricted)
rElec   .          Harm     .    (no cloak)
rCorr   .          Rampage  .    (no gloves)
Will    .....      Rage     3%   (no boots)
Stlth   +                        (no amulet)
HPRegen 0.28/turn                f - ring of fire
MPRegen 0.10/turn                o - +6 ring of dexterity

@: agile, flying
A: antennae 1, claws 1, ignite blood 1, powered by pain 1, berserk 1, clumsy 1
a: Renounce Religion


You were on level 5 of the Dungeon.
You worshipped Xom.
You were a special plaything of Xom.
You visited 1 branch of the dungeon, and saw 5 of its levels.

You collected 337 gold pieces.

Inventory:

Hand Weapons
 a - a +0 long sword of protection
 n - a +2 whip of electrocution (weapon)
 t - the +1 whip "Toejolya" {protect, rPois Str+4}
   (You found it on level 4 of the Dungeon)

   Str:       It affects your strength (+4).
   rPois:     It protects you from poison.
Missiles
 d - a throwing net (quivered)
 e - a javelin
 B - 2 poisoned darts
Armour
 c - a +0 helmet
 g - a +0 scale mail (worn)
 q - a +0 ring mail
 s - a scarf of harm
Magical Staves
 i - a staff of earth
Jewellery
 f - a ring of fire (left claw)
 o - a +6 ring of dexterity (right claw)
Wands
 y - a wand of quicksilver (8)
 A - a wand of roots (12)
Scrolls
 k - a scroll of amnesia
 u - 2 scrolls of identify
 w - 3 scrolls of immolation
 z - a scroll of magic mapping
 C - a scroll of enchant weapon
Potions
 b - a potion of lignification
 h - a potion of heal wounds
 j - a potion of brilliance
 l - a potion of mutation {unknown}
 m - a potion of flight
 p - a potion of cancellation {unknown}
 r - a potion of attraction
 v - a potion of curing {unknown}
 x - a potion of invisibility {unknown}


   Skills:
 + Level 3.7 Fighting
 + Level 3.7 Long Blades
 + Level 4.5 Maces & Flails
 + Level 1.9 Throwing
 + Level 3.9 Armour
 + Level 4.0 Dodging
 + Level 1.3 Stealth


You had 6 spell levels left.
You didn't know any spells.
Your spell library contained the following spells:

 Spells                   Type           Power      Damage    Failure   Level
 Ensorcelled Hibernation  Hex/Ice        0%         N/A       89%         2
 Spider Form              Tmut/Pois      0%         N/A       98%         3
 Anguish                  Hex/Necr       0%         N/A       100%        4
 Freezing Cloud           Conj/Ice/Air   0%         6-21      100%        5
 Simulacrum               Ice/Necr       0%         N/A       100%        6
 Polar Vortex             Ice            0%         N/A       100%        9


Dungeon Overview and Level Annotations

Branches:
Dungeon (5/15)
 Temple: D:4-7

Altars:
Xom

Annotations:
D:4 2 transporters, RazingBull's ghost, amateur TrGl


Innate Abilities, Weirdness & Mutations

You have a pair of small antennae on your head.
You have sharp fingernails.
Your demonic aura sometimes causes spilled blood to erupt in flames.
You sometimes gain a little power by taking damage.
You sometimes lose your temper in combat.
You are clumsy. (Dex -2)


Message History

The ice beast is heavily wounded.
Your butterfly disappears in a puff of smoke! x2
The ice beast barely misses you.
You closely miss the ice beast.
The ice beast is heavily wounded.
The ice beast closely misses you.
You hit the ice beast.
The ice beast is heavily wounded.
The ice beast hits you but does no damage.
You closely miss the ice beast.
The ice beast is heavily wounded.
The ice beast hits you but does no damage.
You hit the ice beast but do no damage.
The ice beast is heavily wounded.
The ice beast closely misses you.
You hit the ice beast but do no damage.
The ice beast is heavily wounded.
You barely miss the ice beast.
The ice beast is heavily wounded.
The ice beast hits you but does no damage.
You barely miss the ice beast.
The ice beast is heavily wounded.
The ice beast hits you but does no damage.
You completely miss the ice beast.
The ice beast is heavily wounded.
The ice beast hits you. The ice beast freezes you!!
You feel a terrible chill!
* * * LOW HITPOINT WARNING * * *
You emit a cloud of colourful smoke!
You focus on the pain.
You feel agile all of a sudden.
You hit the ice beast.
The ice beast is severely wounded.
The ice beast hits you but does no damage.
You hit the ice beast.
The ice beast is severely wounded.
The ice beast hits you.
* * * LOW HITPOINT WARNING * * *
The ice beast freezes you!
You feel a terrible chill!
Xom thinks this is hilarious!
You die...

.........'......#......+..#
.........##...#####...##... +#
..........#.#+#...#'#.# #..
.#####.......#####......)#####.#
..##.#'#...#'#.#...........#.#+#
#)##...#####...##.........##...##
#)'......#.)....'.........'......
###......#)....Y##.......##......
#.......#.....§@#.......#.......
#.......')....§§####+####.......
#.......#.......#.......#.......
##......#......##.......##......
..'......#......+.........+......
..##...#####...##.........##...##
..##.#+#...#+#.#...........#.#'#
...###.......#####.......#####.##
...#...........###'#...#+#.......


You could see an ice beast.

Vanquished Creatures
  2 black bears (D:4)
  3 scorpions
  2 howler monkeys (D:5)
  3 hounds (D:5)
  A jelly (D:4)
  An iguana (D:4)
  Terence (D:2)
  2 orc wizards (D:5)
  7 gnolls (D:4)
  12 adders
  A white imp (D:5)
  An ufetubus (D:4)
  5 worms
  2 dart slugs
  5 orcs (D:5)
  8 ball pythons
  6 bats
  5 endoplasms
  2 giant cockroaches (D:1)
  3 goblins
  4 hobgoblins
  2 jackals (D:2)
  3 kobolds
  3 quokkas
  3 frilled lizards
  6 rats
93 creatures vanquished.

Vanquished Creatures (others)
  2 orcs (D:5)
2 creatures vanquished.

Grand Total: 95 creatures vanquished

Notes
Turn   | Place    | Note
-------+----------+-------------------------------------------
     0 | D:1      | milkiemew the Demonspawn Gladiator began the quest for the
                  | Orb.
     0 | D:1      | Reached XP level 1. HP: 16/16 MP: 1/1
   278 | D:1      | Gained mutation: Your demonic aura sometimes causes spilled
                  | blood to erupt in flames. [demonic ancestry]
   278 | D:1      | Reached XP level 2. HP: 22/22 MP: 2/2
   577 | D:1      | Found a faded altar of an unknown god.
   610 | D:1      | Prayed at the altar of an unknown god.
   610 | D:1      | Became a worshipper of Xom of Bone-Dry Humour
   890 | D:2      | Gained mutation: You sometimes gain a little power by
                  | taking damage. [demonic ancestry]
   890 | D:2      | Reached XP level 3. HP: 27/27 MP: 3/3
  1036 | D:2      | Discovered your monstrous ancestry.
  1036 | D:2      | Gained mutation: You have sharp fingernails. [demonic
                  | ancestry]
  1036 | D:2      | Reached XP level 4. HP: 27/33 MP: 4/4
  1047 | D:2      | Noticed Terence
  1059 | D:2      | XOM: potion effect (curing)
  1061 | D:2      | XOM: divination: detect items
  1062 | D:2      | XOM: silly message
  1065 | D:2      | Killed Terence
  1066 | D:2      | Reached skill level 1 in Armour
  1072 | D:2      | XOM: divination: magic mapping
  1179 | D:2      | XOM: divination: detect creatures
  1332 | D:2      | XOM: divination: detect items
  1621 | D:3      | Reached skill level 1 in Maces & Flails
  1621 | D:3      | Reached XP level 5. HP: 39/39 MP: 5/5
  1640 | D:3      | XOM: potion effect (haste)
  1646 | D:3      | XOM: potion effect (curing)
  1832 | D:3      | XOM: summons 3 hostile demons
  2362 | D:4      | Noticed a black bear
  2363 | D:4      | XOM: confuse monster(s)
  2401 | D:4      | Gained mutation: You have a pair of small antennae on your
                  | head. [demonic ancestry]
  2401 | D:4      | Reached XP level 6. HP: 46/46 MP: 6/6
  2419 | D:4      | Noticed RazingBull's ghost (amateur TrGl)
  2428 | D:4      | Found a transporter.
  2470 | D:4      | Identified the +1 whip "Toejolya" {protect, rPois Str+4}
  2542 | D:4      | XOM: summons 3 hostile shadow creatures
  2547 | D:4      | Reached skill level 1 in Stealth
  2560 | D:4      | XOM: silly message
  2697 | D:4      | XOM: noise
  2698 | D:4      | Reached XP level 7. HP: 50/52 MP: 7/7
  2753 | D:4      | Found a transporter.
  2804 | D:4      | XOM: smoke on damage
  2868 | D:4      | XOM: noise
  2967 | D:4      | XOM: enchant monster (bad)
  3222 | D:5      | Entered Level 5 of the Dungeon
  3848 | D:5      | XOM: scenery: 3 doors open, 1 doors close
  4101 | D:5      | XOM: give mutations
  4101 | D:5      | Gained mutation: You are clumsy. (Dex -2) [Xom's mischief]
  4101 | D:5      | Gained mutation: You sometimes lose your temper in combat.
                  | [Xom's mischief]
  4146 | D:5      | XOM: butterfly on damage
  4147 | D:5      | XOM: confusion (+ monsters)
  4147 | D:5      | XOM: smoke on damage
  4158 | D:5      | XOM: confusion
  4175 | D:5      | XOM: smoke on damage
  4177 | D:5      | Slain by an ice beast

Illustrated notes

Levels and vault maps discovered:
D:1:      grunt_arrival_lava_bath, layout_loops_corners,
          shapermc_ecumenical_altar_totnotflames
D:2:      layout_basic, uniq_terence
D:3:      minmay_door_path, layout_loops_ring
D:4:      layout_basic, gammafunk_ghost_stat_death, grunt_ministairs_12,
          kennysheep_decorative_pillar
D:5:      nicolae_cairo_tiling_very_big, layout_basic

Skill      XL: |  1  2  3  4  5  6  7 |
---------------+----------------------+-----
Dodging        | 3 4 |  4.0
Long Blades    | 3 |  3.7
Armour         | 1 2 3 |  3.9
Maces & Flails | 1 2 3 4 |  4.5
Fighting       | 3 |  3.7
Stealth        | 1 |  1.3
Throwing       | |  1.9

Action                   |  1- 3 |  4- 6 |  7- 9 || total
-------------------------+-------+-------+-------++-------
Melee: Long sword        |    23 |    13 |       ||    36
       Whip              |    55 |   144 |   193 ||   392
       Punch             |       |     3 |     7 ||    10
Throw: Throwing net      |       |     2 |     1 ||     3
       Javelin           |       |       |     2 ||     2
  Use: Scroll            |     5 |     4 |     3 ||    12
       Potion            |       |       |     5 ||     5
 Stab: Sleeping          |     2 |       |       ||     2
       Held in net/web   |       |     1 |       ||     1
Armor: Leather armour    |    12 |       |       ||    12
       Ring mail         |     8 |     1 |       ||     9
       Scale mail        |       |    77 |    78 ||   155
Dodge: Dodged            |    61 |    84 |   127 ||   272

Table legend: (Time is in decaauts)
 A = Elapsed time spent in this place.
 B = Non-inter-level travel time spent in this place.
 C = Inter-level travel time spent in this place.
 D = Time resting spent in this place.
 E = Time spent auto-exploring this place.
 F = Levels seen in this place.
 G = Mean time per level.
                   A        B        C        D        E       F      G
               +--------+--------+--------+--------+--------+-----+--------+
         Total |   4151 |   3991 |    160 |      0 |   2577 |   5 |  830.2 |
       Dungeon |   4151 |   3991 |    160 |      0 |   2577 |   5 |  830.2 |
               +--------+--------+--------+--------+--------+-----+--------+

Top non-repeatable levels by time:
     D:4: 903 daAuts
     D:3: 902 daAuts
     D:1: 890 daAuts
     D:5: 864 daAuts
     D:2: 591 daAuts
